1822 views
Uploaded 2023-01-02 22:54:48
Game version 1.32.10
11:46 long 1on1 ladder game on (2)TerenasStand_LV
Saved by DKnight
1822 views
Uploaded 2023-01-02 22:54:48
Game version 1.32.10
11:46 long 1on1 ladder game on (2)TerenasStand_LV

14 units @ 2.3k
/ 0.3k
10 buildings @ 1.6k
/ 0.5k



| Rod of Necromancy | 3 | 450 |
| Potion of Mana | 3 | 600 |
| Potion of Healing | 1 | 150 |
| Orb of Corruption | 1 | 375 |
| total: | 8 | 1575g |
| Acolyte | 4 | 300 | / | 0 |
| Ghoul | 2 | 240 | / | 0 |
| Crypt Fiend | 5 | 1075 | / | 200 |
| Obsidian Statue | 2 | 400 | / | 70 |
| Forest Troll Berserker | 1 | 245 | / | 30 |
| total: | 14 | 2260g | / | 300w |
| Altar of Darkness | 1 | 180 | / | 50 |
| Crypt | 1 | 200 | / | 50 |
| Ziggurat | 5 | 750 | / | 250 |
| Tomb of Relics | 1 | 130 | / | 30 |
| Graveyard | 1 | 215 | / | 0 |
| Slaughterhouse | 1 | 140 | / | 135 |
| Halls of the Dead | 1 | 320 | / | 210 |
| Black Citadel | 1 | 325 | / | 230 |
| total: | 10 | 1615g | / | 515w |
| 0:03 | Acolyte |
| 0:03 | Acolyte |
| 0:08 | Altar of Darkness |
| 0:11 | Crypt |
| 0:25 | Ziggurat |
| 0:34 | Acolyte |
| 0:46 | Acolyte |
| 1:05 | Tomb of Relics |
| 1:14 | Ghoul |
| 1:32 | Graveyard |
| 1:47 | Ghoul |
| 2:14 | Rod of Necromancy |
| 2:21 | Death Coil |
| 2:33 | Halls of the Dead |
| 3:12 | Crypt Fiend |
| 3:38 | Ziggurat |
| 4:08 | Rod of Necromancy |
| 4:31 | Crypt Fiend |
| 4:38 | Unholy Aura |
| 4:53 | Forest Troll Berserker |
| 5:24 | Slaughterhouse |
| 5:28 | Potion of Mana |
| 5:54 | Rod of Necromancy |
| 5:56 | Frost Nova |
| 6:21 | Black Citadel |
| 6:24 | Burrow |
| 6:34 | Ziggurat |
| 6:55 | Death Coil |
| 7:11 | Crypt Fiend |
| 7:15 | Ziggurat |
| 7:26 | Creature Attack |
| 7:29 | Obsidian Statue |
| 7:56 | Frost Armor |
| 9:15 | Potion of Healing |
| 9:21 | Orb of Corruption |
| 9:26 | Potion of Mana |
| 9:29 | Potion of Mana |
| 9:34 | Obsidian Statue |
| 9:35 | Destroyer Form |
| 9:39 | Crypt Fiend |
| 10:06 | Frost Arrows |
| 10:34 | Ziggurat |
| 10:57 | Crypt Fiend |
| Right click | 515 |
| Select group | 499 |
| Select | 214 |
| Misc. action | 76 |
| Build/train/purchase | 57 |
| Assign group | 28 |
| Use ability | 15 |
| Item give/drop | 8 |
| Remove unit | 1 |
| Esc | 1 |
/ 0.5k
13 buildings @ 2.5k
/ 1k


| Wisp | 18 | 1080 | / | 0 |
| Archer | 4 | 520 | / | 40 |
| Dryad | 3 | 435 | / | 180 |
| Druid of the Claw | 4 | 1020 | / | 320 |
| total: | 29 | 3055g | / | 540w |
| Altar of Elders | 1 | 180 | / | 50 |
| Moon Well | 7 | 1260 | / | 280 |
| Ancient of War | 1 | 150 | / | 60 |
| Hunter's Hall | 1 | 210 | / | 100 |
| Tree of Life | 1 | 340 | / | 185 |
| Ancient of Lore | 2 | 310 | / | 290 |
| Tree of Ages | 1 | 320 | / | 180 |
| Tree of Eternity | 1 | 330 | / | 200 |
| total: | 13 | 2450g | / | 965w |
| 0:01 | Wisp |
| 0:07 | Altar of Elders |
| 0:07 | Wisp |
| 0:17 | Moon Well |
| 0:19 | Wisp |
| 0:35 | Wisp |
| 0:44 | Ancient of War |
| 0:45 | Wisp |
| 0:59 | Wisp |
| 1:13 | Wisp |
| 1:28 | Moon Well |
| 1:30 | Wisp |
| 1:43 | Wisp |
| 1:46 | Archer |
| 1:54 | Wisp |
| 2:03 | Wisp |
| 2:08 | Mana Burn |
| 2:22 | Archer |
| 2:41 | Archer |
| 2:55 | Tree of Ages |
| 3:00 | Archer |
| 3:18 | Hunter's Hall |
| 3:33 | Moon Well |
| 4:01 | Evasion |
| 4:41 | Moon Well |
| 5:21 | Ancient of Lore |
| 5:25 | Ancient of Lore |
| 5:31 | Wisp |
| 5:31 | Wisp |
| 5:45 | Mana Burn |
| 6:09 | Tree of Life |
| 6:19 | Entangling Roots |
| 6:23 | Tree of Eternity |
| 6:25 | Strength of the Wild |
| 6:33 | Abolish Magic |
| 6:43 | Dryad |
| 7:20 | Dryad |
| 8:02 | Dryad |
| 8:04 | Reinforced Hides |
| 8:04 | Improved Reinforced Hides |
| 8:08 | Force of Nature |
| 8:26 | Moon Well |
| 8:29 | Moon Well |
| 9:13 | Wisp |
| 9:13 | Wisp |
| 9:13 | Wisp |
| 9:13 | Wisp |
| 9:18 | Wisp |
| 9:30 | Moon Well |
| 9:40 | Evasion |
| 9:50 | Druid of the Claw Adept Training |
| 9:51 | Druid of the Claw |
| 10:00 | Advanced Reinforced Hides |
| 10:27 | Druid of the Claw |
| 10:28 | Druid of the Claw Master Training |
| 10:29 | Druid of the Claw |
| 10:51 | Druid of the Claw |
| 11:39 | Entangling Roots |
| Select group | 472 |
| Right click | 415 |
| Select | 152 |
| Misc. action | 75 |
| Build/train/purchase | 53 |
| Use ability | 26 |
| Assign group | 15 |
| Item give/drop | 2 |
| Esc | 1 |
โ